 Dungeon Crawl Stone Soup version 0.22.1-1-ga44c0e5 (webtiles) character file.

72 Spongiform the Shield-Bearer (level 4, -5/40 HPs)
             Began as a Minotaur Fighter on Sept 30, 2018.
             Killed by divine providence
             ... invoked by an orc priest
              (10 damage)
             ... on level 3 of the Dungeon.
             The game lasted 00:10:30 (1418 turns).

Spongiform the Shield-Bearer (Minotaur Fighter)     Turns: 1418, Time: 00:10:33

Health: -5/40      AC:  0    Str: 21    XL:     4   Next: 6%
Magic:  3/3        EV:  9    Int:  5    God:
Gold:   169        SH:  9    Dex: 10    Spells: 3/3 levels left

rFire    . . .     SeeInvis .   a - +0 war axe
rCold    . . .     Gourm    .   c - +0 shield
rNeg     . . .     Faith    .   (no armour)
rPois    .         Spirit   .   (helmet restricted)
rElec    .         Reflect  .   (no cloak)
rCorr    .         Harm     .   (no gloves)
MR       .....                  (no boots)
Stlth    +.........             (no amulet)
HPRegen  0.13/turn              (no ring)
MPRegen  0.08/turn              (no ring)

@: no status effects
A: retaliatory headbutt, horns 2
a: no special abilities


You were on level 3 of the Dungeon.
You were not hungry.

You visited 1 branch of the dungeon, and saw 3 of its levels.

You collected 169 gold pieces.

Inventory:

Hand Weapons
 a - a +0 war axe (weapon)
 h - a +0 short sword
 k - a +0 whip
 s - a +0 hunting sling
Missiles
 l - 8 tomahawks (quivered)
Armour
 b - a +0 scale mail
 c - a +0 shield (worn)
 u - a +0 chain mail
 v - a +0 scale mail
Jewellery
 j - an uncursed ring of protection from magic {unknown}
 q - an uncursed amulet of guardian spirit {unknown}
Scrolls
 e - 2 scrolls of identify {unknown}
 f - a scroll of noise {unknown}
 g - 2 scrolls of teleportation {unknown}
 i - a scroll of immolation {unknown}
 p - a scroll of enchant armour {unknown}
 r - a scroll of random uselessness {unknown}
 w - a scroll of remove curse {unknown}
Potions
 d - 2 potions of might
 m - a potion of brilliance {unknown}
 n - a potion of resistance
 o - 2 potions of mutation {unknown}
 x - 2 potions of magic {unknown}
Comestibles
 t - a ration


   Skills:
 + Level 4.2 Fighting
 + Level 3.1 Axes
 + Level 4.4 Armour
 + Level 4.5 Shields


You had 3 spell levels left.
You didn't know any spells.
Your spell library contained the following spells:

 Spells                   Type           Power        Failure   Level  Hunger
 Magic Dart               Conj           #...         90%         1    ##.....
 Blink                    Tloc           N/A          97%         2    ###....
 Call Imp                 Summ           #.......     97%         2    ###....
 Slow                     Hex            #.......     97%         2    ###....
 Conjure Flame            Conj/Fire      #.......     99%         3    ####...
 Mephitic Cloud           Conj/Pois/Air  #.......     99%         3    ####...


Dungeon Overview and Level Annotations

Branches:
Dungeon (3/15)

Altars:
Qazlal


Innate Abilities, Weirdness & Mutations

You reflexively headbutt those who attack you in melee.
You have a pair of horns on your head.


Message History

You barely miss the orc priest. You hit the orc.
The orc priest invokes the aid of Beogh against you.
Pain shoots through your body! You block the orc's attack.
The orc barely misses you.
You hit the orc priest. Your headbutt misses the orc priest.
The orc priest is heavily wounded.
Your shield prevents you from hitting the orc.
The orc priest hits you with a club. The orc hits you with a whip.
* * * LOW HITPOINT WARNING * * *
The orc hits you with a flail of crushing.
* * * LOW HITPOINT WARNING * * *
x2 The orc priest hits you with a club.
* * * LOW HITPOINT WARNING * * *
You block the orc priest's attack.
Keep equipping yourself?
You start putting on your armour.
You continue putting on your +0 scale mail.
The orc priest invokes the aid of Beogh against you.
Beogh smites you!
You die...

...... ..... ## ..oo.
.. ..o . #.# .. ..
(### ..# #. .. #.
>.##.# #.## #.
#.###.#..# #...##.##
#..o@...# .....#..#
##.oo..## ......#.#
#.....#
......#.####.....#
..............#.##.
.....#.............
....##........#..##
....................
#.#####........#...###


You could see an orc priest and 2 orcs.

Vanquished Creatures
  3 adders
  A worm (D:2)
  A dart slug (D:2)
  A leopard gecko (D:2)
  3 orcs (D:3)
  2 giant cockroaches (D:1)
  2 goblins
  6 hobgoblins
  3 jackals (D:2)
  5 kobolds
  3 bats
  2 frilled lizards (D:2)
  2 rats (D:1)
34 creatures vanquished.

Notes
Turn   | Place    | Note
-------+----------+-------------------------------------------
     0 | D:1      | Spongiform the Minotaur Fighter began the quest for the
                  | Orb.
     0 | D:1      | Reached XP level 1. HP: 19/19 MP: 0/0
   373 | D:1      | Reached XP level 2. HP: 22/27 MP: 1/1
   879 | D:2      | Reached XP level 3. HP: 26/33 MP: 2/2
  1024 | D:2      | Found a stormy altar of Qazlal.
  1369 | D:3      | Reached XP level 4. HP: 32/40 MP: 3/3
  1418 | D:3      | Killed from afar by an orc priest

Skill      XL: |  1  2  3 |
---------------+----------+-----
Shields        | 4 |  4.5
Armour         | 4 |  4.4
Fighting       | 4 |  4.2
Axes           | 3 |  3.1

Action                   |  1- 3 |  4- 6 || total
-------------------------+-------+-------++-------
Melee: War axe           |    82 |     8 ||    90
       Headbutt          |    10 |     1 ||    11
  Eat: Ration            |     1 |       ||     1
Armor: Scale mail        |    37 |     3 ||    40
Dodge: Dodged            |    23 |     3 ||    26
Block: Shield            |    56 |     6 ||    62
